 Dungeon Crawl Stone Soup version 0.31.0-11-ge490571c62 (console) character file.

Game seed: 1645586922412001369

2895 jejorda2 the Mimic (level 9, -5/64 HPs)
             Began as a Black Draconian Monk on Jan 31, 2024.
             Was a Believer of Uskayaw.
             Slain by a hornet (14 damage)
             ... while paralysed by a hornet
             ... on level 7 of the Dungeon.
             The game lasted 00:18:16 (6410 turns).

jejorda2 the Mimic (Black Draconian Monk)           Turns: 6410, Time: 00:18:17

Health: -5/64      AC:  8    Str: 17    XL:     9   Next: 49%
Magic:  12/12      EV:  2    Int: 11    God:    Uskayaw [**....]
Gold:   279        SH:  0    Dex: 14    Spells: 8/8 levels left

rFire   . .          .
                       - Unarmed
rCold   . . .        (no shield)
rNeg    . . .        (body armour unavailable)
rPois   +            (helmet restricted)
rElec   +            (no cloak)
rCorr   .            (no gloves)
SInv    .            n - +0 pair of boots
Will    .....        H - amulet of faith
Stlth   +            D - ring of poison resistance
HPRegen 0.30/turn    y - +5 ring of evasion
MPRegen 0.13/turn

%: faith
@: paralysed, lethally poisoned (-5 -> -25), maw-form, studying Staves
A: devouring maw, reduced hp, breathe lightning, AC +7, unfitting armour,
electricity resistance, cold-blooded
a: Breathe Lightning, Begin Untransformation, Renounce Religion, Stomp, Line
Pass


You were on level 7 of the Dungeon.
You worshipped Uskayaw.
Uskayaw was noncommittal.
You were a creature with a mouth for a stomach.
You visited 2 branches of the dungeon, and saw 8 of its levels.

You collected 279 gold pieces.

Inventory:

Missiles
 c - 9 boomerangs
 j - 4 javelins
 k - a curare-tipped dart
 o - 10 poisoned darts
 u - 6 atropa-tipped darts
 G - 2 throwing nets
Armour
 b - an orb of light
 n - a +0 pair of boots (worn)
Jewellery
 e - a ring of protection from cold
 y - a +5 ring of evasion (right hand)
 D - a ring of poison resistance (left hand)
 H - an amulet of faith (around neck)
Talismans
 r - a maw talisman (active)
 C - a serpent talisman
Wands
 h - a wand of quicksilver (13)
 z - a wand of flame (17)
Scrolls
 d - 8 scrolls of identify {unknown}
 f - 2 scrolls of revelation {unknown}
 g - 2 scrolls of enchant armour {unknown}
 i - 2 scrolls of torment {unknown}
 m - a scroll of butterflies {unknown}
 p - 2 scrolls of noise {unknown}
 q - 2 scrolls of acquirement {unknown}
 t - 5 scrolls of teleportation {unknown}
 w - 2 scrolls of fog {unknown}
 A - a scroll of fear {unknown}
Potions
 a - 3 potions of ambrosia
 s - 2 potions of brilliance {unknown}
 v - a potion of curing
 x - a potion of attraction {unknown}
 B - a potion of enlightenment {unknown}
 E - 2 potions of mutation {unknown}
 F - a potion of cancellation {unknown}


   Skills:
 - Level 6.0 Fighting
 - Level 2.6 Dodging
 + Level 7.3 Unarmed Combat
 + Level 4.6 Invocations
 * Level 8.6 Shapeshifting


You had 8 spell levels left.
You didn't know any spells.
Your spell library contained the following spells:

 Spells                   Type           Power      Damage    Failure   Level
 Lesser Beckoning         Tloc           0%         N/A       47%         2
 Gell's Gravitas          Tloc           0%         N/A       71%         3
 Teleport Other           Tloc           0%         N/A       71%         3
 Tukima's Dance           Hex            0%         N/A       71%         3
 Dimensional Bullseye     Hex/Tloc       0%         N/A       98%         4
 Iskenderun's Mystic Bla  Conj/Tloc      0%         2d3       98%         4


Dungeon Overview and Level Annotations

Branches:
Dungeon (7/15)             Temple (1/1) D:5

Altars:
Cheibriados
Elyvilon
Fedhas
Hepliaklqana
Makhleb
Uskayaw
Yredelemnul
Zin

Annotations:
D:4 3 runed translucent doors, Strat's ghost, amateur AtCj


Innate Abilities, Weirdness & Mutations

You are a creature with a mouth for a stomach.
Your midsection houses a second, enormous mouth.
Your maximum health is decreased, since you lack skill for your form.
You can breathe wild blasts of lightning.
Your glossy black scales are hard. (AC +7)
You cannot fit into any form of body armour.
You are resistant to electric shocks. (rElec)
You are cold-blooded and may be slowed by cold attacks.


Message History

The ice beast barely misses you. The hornet barely misses you.
You closely miss the ice beast.
You bite the ice beast, but do no damage.
The ice beast is moderately wounded.
The ice beast closely misses you. The hornet stings you!
You are poisoned.
You feel yourself slow down.
You punch the ice beast! You bite the ice beast.
You kill the ice beast!
You feel very sick. The hornet stings you!
You feel as though you will be slow longer.
The hornet misses you.
You can now pass through a line of other dancers.
Your life force feels restored.
You're wearing all the rings you can.
Remove which one? (? for menu, Esc to cancel) < or
e - a ring of protection from cold; > or
y - a +5 ring of evasion You remove your ring of protection from cold.
You feel sick. The hornet barely misses you.
D - a ring of poison resistance (left hand)
You feel sick. The hornet stings you.
You are more poisoned.
You barely miss the hornet.
You feel very sick. The hornet misses you.
The hornet stings you but does no damage.
You hit the hornet. Your punch misses the hornet. Your bite misses the hornet.
The hornet is lightly wounded.
You feel very sick. The hornet stings you. The hornet barely misses you.
You hit the hornet. You tail-slap the hornet. Your bite misses the hornet.
The hornet is moderately wounded.
You feel yourself speed up.
You feel very sick. The hornet stings you!
* * * LOW HITPOINT WARNING * * *
You are lethally poisoned!
You suddenly lose the ability to move!
The hornet stings you!
You die...

# .. ...
#.#. ###
..... ..#
#.#...##.#
.......y.#
..#..)##W#
#.. #.#
... #.#
..# #.# .
..# ...
###


You could see a hornet.

Vanquished Creatures
  The ghost of Esekla the Magician, a novice VSWr of Vehumet (D:6)
  An unseen horror zombie (D:6)
  Jeremiah (D:6)
  Eustachio (D:5)
  Duvessa (D:5)
  3 black bears
  An ice beast (D:7)
  A kobold brigand (D:6)
  2 bullfrogs (D:6)
  A spectral wyvern (D:6)
  2 scorpions
  A gnoll sergeant (D:6)
  Dowan (D:5)
  A jelly (D:6)
  An orc priest (D:6)
  5 bombardier beetles
  A centaur skeleton (D:6)
  3 iron imps (D:3)
  3 sleepcaps (D:5)
  5 iguanas
  3 orc wizards
  A centaur simulacrum (D:6)
  3 gnolls (D:6)
  9 adders
  A white imp (D:6)
  A howler monkey simulacrum (D:6)
  7 dart slugs
  24 orcs
  2 bats (D:1)
  4 endoplasms
  A giant cockroach (D:2)
  9 goblins
  7 hobgoblins
  11 jackals
  10 kobolds
  3 quokkas
  6 ball pythons
  5 frilled lizards
  8 rats
151 creatures vanquished.

Notes
Turn   | Place    | Note
-------+----------+-------------------------------------------
     0 | D:1      | jejorda2 the Draconian Monk began the quest for the Orb.
     0 | D:1      | Reached XP level 1. HP: 19/19 MP: 1/1
     3 | D:1      | Noticed an electric eel
     4 | D:1      | Noticed an electric eel
   181 | D:1      | Reached XP level 2. HP: 26/26 MP: 2/2
   190 | D:1      | Reached skill level 1 in Shapeshifting
   444 | D:1      | Found a faded altar of an unknown god.
   719 | D:2      | Reached XP level 3. HP: 29/33 MP: 3/3
   776 | D:2      | Reached skill level 2 in Shapeshifting
  1259 | D:3      | Reached XP level 4. HP: 36/40 MP: 4/4
  1684 | D:3      | Found a burning altar of Makhleb.
  1717 | D:3      | Reached skill level 3 in Shapeshifting
  1717 | D:3      | Reached XP level 5. HP: 26/46 MP: 5/5
  2080 | D:4      | Noticed a +0 dagger
  2080 | D:4      | Noticed a +0 dagger
  2083 | D:4      | Found a hide-covered altar of Uskayaw.
  2110 | D:4      | Noticed a black bear
  2128 | D:4      | Killed a black bear
  2129 | D:4      | Reached XP level 6. HP: 10/53 MP: 6/6
  2349 | D:4      | Reached skill level 4 in Shapeshifting
  2498 | D:4      | Reached skill level 5 in Fighting
  2648 | D:4      | Found a runed translucent gate.
  2648 | D:4      | Found a runed translucent gate.
  2648 | D:4      | Found a runed translucent gate.
  2652 | D:4      | Noticed Strat's ghost (amateur AtCj)
  2752 | D:4      | Found a snail-covered altar of Cheibriados.
  2827 | D:4      | Found a glowing silver altar of Zin.
  2969 | D:4      | Found a blossoming altar of Fedhas.
  3096 | D:5      | Entered Level 5 of the Dungeon
  3356 | D:5      | Your scales start taking on a glossy black colour.
  3356 | D:5      | Reached XP level 7. HP: 23/61 MP: 7/7
  3356 | D:5      | Gained mutation: You are resistant to electric shocks.
                  | (rElec) [Black Draconian growth]
  3799 | D:5      | Found a staircase to the Ecumenical Temple.
  3832 | Temple   | Entered the Ecumenical Temple
  3861 | D:5      | Reached skill level 5 in Unarmed Combat
  3891 | D:5      | Reached skill level 5 in Shapeshifting
  3999 | D:5      | Noticed Eustachio
  4017 | D:5      | Killed Eustachio
  4118 | D:5      | Found a hazy altar of Hepliaklqana.
  4129 | D:5      | Noticed Duvessa
  4130 | D:5      | Noticed Dowan
  4149 | D:5      | Killed Duvessa
  4158 | D:5      | Killed Dowan
  4159 | D:5      | Reached XP level 8. HP: 49/70 MP: 8/8
  4271 | D:5      | Reached skill level 6 in Shapeshifting
  4915 | D:4      | Became a worshipper of Uskayaw the Reveller
  4915 | D:4      | Reached * piety under Uskayaw
  5036 | D:6      | Reached ** piety under Uskayaw
  5137 | D:6      | Found a basalt altar of Yredelemnul.
  5161 | D:6      | Reached skill level 1 in Invocations
  5226 | D:6      | Reached *** piety under Uskayaw
  5375 | D:6      | Reached skill level 7 in Shapeshifting
  5571 | D:6      | Noticed Jeremiah
  5579 | D:6      | Killed Jeremiah
  5723 | D:6      | Reached XP level 9. HP: 43/75 MP: 11/11
  5878 | D:6      | Found a runed translucent gate.
  5878 | D:6      | Found a runed translucent gate.
  5879 | D:6      | Found a runed translucent gate.
  5887 | D:6      | Noticed Esekla's ghost (novice VSWr)
  6211 | D:6      | Reached **** piety under Uskayaw
  6212 | D:6      | Killed Esekla's ghost
  6213 | D:6      | Reached skill level 8 in Shapeshifting
  6221 | D:6      | Reached ***** piety under Uskayaw
  6410 | D:7      | Paralysed by a hornet for 2 turns
  6410 | D:7      | Slain by a hornet

Illustrated notes

Levels and vault maps discovered:
D:1:      arrival_aquarium_b, layout_rooms, dreamdust_ecumenical_altar_statues,
          kennysheep_boxes
D:2:      layout_basic
D:3:      layout_rooms, demons_altar, item_on_display_a
D:4:      layout_basic, dancing_weapons_uskayaw, lemuel_coloured_pillars_altar,
          nicolae_overflow_hidden_temple, zin_academy,
          ebering_ghost_rock_garden, grunt_ministairs_6
D:5:      layout_basic, overflow_temple_1_default, minmay_temple_entry_grid,
          minmay_quadrilaterals, uniq_eustachio, uniq_duvessa
D:6:      layout_gridville, lemuel_tele_altar, gammafunk_ghost_necromancy,
          uniq_jeremiah
D:7:      layout_basic, grunt_gozag_statues, tso_oasis_becter
Temple:   ebering_the_one_and_only

Skill      XL: |  1  2  3  4  5  6  7  8  9 |
---------------+----------------------------+-----
Shapeshifting  | 1 2 3 4 5 7 8 |  8.6
Fighting       | 4 5 6 |  6.0
Unarmed Combat | 4 5 6 7 |  7.3
Invocations    | 3 4 |  4.6
Dodging        | |  2.6

Action                     |  1- 3 |  4- 6 |  7- 9 || total
---------------------------+-------+-------+-------++-------
  Melee: Unarmed           |   142 |   276 |   241 ||   659
         Tailslap          |    17 |    38 |    34 ||    89
         Punch             |     4 |    13 |    10 ||    27
         Constrict         |       |       |    13 ||    13
         Maw               |       |       |    17 ||    17
  Throw: Javelin           |       |       |     5 ||     5
 Invoke: Stomp             |       |       |     1 ||     1
Ability: Breathe Lightning |       |       |     2 ||     2
    Use: Potion            |       |     1 |     1 ||     2
   Stab: Sleeping          |       |     1 |       ||     1
         Paralysed         |       |       |     1 ||     1
 Armour: Skin              |    67 |   126 |    85 ||   278
  Dodge: Dodged            |    94 |   139 |   128 ||   361
  Block: Other             |     4 |    56 |    32 ||    92
         Reflection        |       |     2 |       ||     2
   Form: Serpent           |       |       |     1 ||     1
         Maw               |       |       |     1 ||     1
